 Dungeon Crawl Stone Soup version 0.13-a0-1536-gedae9ec (webtiles) character file.

197 Kae the Vexing (level 4, -3/21 HPs)
             Began as a Spriggan Enchanter on June 9, 2013.
             Slain by an orc
             ... wielding a -1,+1 orcish dagger
              (4 damage)
             ... on Level 3 of the Dungeon.
             The game lasted 00:03:26 (3110 turns).

Kae the Vexing (Spriggan Enchanter)                 Turns: 3110, Time: 00:03:26

HP  -3/21        AC  4     Str  5      XL: 4   Next: 39%
MP   0/13        EV 18     Int 16      God:
Gold 102         SH  0     Dex 16      Spells:  2 memorised,  6 levels left

Res.Fire  : . . .   See Invis. : +   a - +1 dagger {=f}
Res.Cold  : . . .   Warding    : .   b - +1 robe
Life Prot.: . . .   Conserve   : .   (shield restricted)
Res.Poison: .       Res.Corr.  : .   (helmet restricted)
Res.Elec. : .       Clarity    : .   v - +0 cloak
Sust.Abil.: . .     Spirit.Shd : .   (gloves unavailable)
Res.Mut.  : .       Stasis     : .   (boots unavailable)
Res.Rott. : .       Flight     : .   (no amulet)
Saprovore : . . .                    (no ring)
                                     (no ring)

@: very slightly contaminated, very quick, slightly resistant to hostile
enchantments, quite stealthy
A: unfitting armour, see invisible, herbivore 3, speed 3, slow metabolism 2
a: no special abilities


You were on level 3 of the Dungeon.
You were full.

You visited 1 branch of the dungeon, and saw 3 of its levels.

You collected 82 gold pieces.

Inventory:

Hand weapons
 a - a +1,+1 dagger (weapon) {=f}
Missiles
 d - 12 darts (quivered)
Armour
 b - a +1 robe (worn)
 v - a +0 cloak (worn)
Comestibles
 o - a meat ration
 q - 2 bread rations
 u - a choko
Scrolls
 j - 2 scrolls of enchant weapon II {unknown}
 k - 2 scrolls of identify {unknown}
 l - a scroll of amnesia {unknown}
 m - 2 scrolls of teleportation {unknown}
 n - a scroll of magic mapping {unknown}
 p - a scroll of fog {unknown}
 r - a scroll of enchant armour {unknown}
 s - a scroll of enchant weapon I {unknown}
 x - 2 scrolls of remove curse {unknown}
 y - a scroll of random uselessness {unknown}
 z - a scroll of recharging {unknown}
Jewellery
 h - an uncursed ring of teleport control {unknown}
Potions
 f - a potion of speed {unknown}
 g - 2 potions of slowing {unknown}
 i - 2 potions of curing {unknown}
 t - a potion of brilliance {unknown}
 w - a potion of agility {unknown}
Books
 c - a book of Maledictions

   Spells                             Type                      Level
   *Corona                            Hexes                        1
   Sure Blade                         Hexes/Charms                 2
   *Ensorcelled Hibernation           Hexes/Ice                    2
   Confuse                            Hexes                        3
   Enslavement                        Hexes                        4
   Invisibility                       Hexes                        6


   Skills:
 + Level 2.1 Short Blades
 - Level 1.1 Throwing
 - Level 3.0 Dodging
 + Level 4.3 Stealth
 + Level 3.1 Spellcasting
 + Level 4.4 Hexes


You had 6 spell levels left.
You knew the following spells:

 Your Spells              Type           Power        Failure   Level  Hunger
a - Corona                Hex            ###....      3%          1    None
b - Ensorcelled Hibernat  Hex/Ice        #.....       12%         2    ##.....


Dungeon Overview and Level Annotations

Branches:
Dungeon (3/27)

Altars:
Trog
Yredelemnul


Innate Abilities, Weirdness & Mutations

You are tiny and cannot use many weapons and most armour.
You have supernaturally acute eyesight.
You are a herbivore.
You cover ground extremely quickly.
You need consume almost no food.


Message History

Confirm with . or Enter, or press ? or * to list all spells.
Aiming: Ensorcelled Hibernation
Press: ? - help, Shift-Dir - straight line, f/p - orc priest
Aim: an orc priest, wielding an orcish dagger The orc priest easily resists.
The orc barely misses you.
The orc priest glows brightly for a moment.
Casting: Ensorcelled Hibernation
Confirm with . or Enter, or press ? or * to list all spells.
Aiming: Ensorcelled Hibernation
Press: ? - help, Shift-Dir - straight line, f/p - orc priest
Aim: an orc priest, wielding an orcish dagger The orc priest looks drowsy...
The orc hits you with an orcish dagger.
* * * LOW HITPOINT WARNING * * *
The helpless orc priest fails to defend itself.
You impale the orc priest!!
You kill the orc priest!
Your Spellcasting skill increases to level 3!
You have reached level 4!
The orc hits you with an orcish dagger.
You die...

#####.......#####.......###
............................
............................
...........................
.........^.................
.........................#.
....................... .
.##...................
##....o@.#####.....
#....)#.# #.. #...##### ##..
##o oo .. ##. A#.


You could see an orc.

Vanquished Creatures
  An orc priest (D:3)
  An adder (D:2)
  2 worms (D:2)
  3 giant geckos
  An ooze (D:2)
  A ball python (D:3)
  6 bats
  8 hobgoblins
  5 kobolds
  A quokka (D:2)
  A giant cockroach (D:2)
  2 giant newts
  3 goblins (D:2)
  5 rats
40 creatures vanquished.

Vanquished Creatures (others)
  An ooze (D:1)
  A kobold (D:1)
2 creatures vanquished.

Grand Total: 42 creatures vanquished

Notes
Turn   | Place    | Note
--------------------------------------------------------------
     0 | D:1      | Kae, the Spriggan Enchanter, began the quest for the Orb.
     0 | D:1      | Reached XP level 1. HP: 9/9 MP: 4/4
   937 | D:1      | Reached XP level 2. HP: 7/13 MP: 6/6
  1043 | D:1      | Learned a level 2 spell: Ensorcelled Hibernation
  1759 | D:2      | Reached XP level 3. HP: 16/16 MP: 6/9
  1948 | D:2      | Reached skill level 4 in Hexes
  2108 | D:2      | Found a basalt altar of Yredelemnul.
  2750 | D:2      | Found a bloodstained altar of Trog.
  3098 | D:3      | Noticed an angel
  3110 | D:3      | Reached XP level 4. HP: 1/21 MP: 0/13
  3110 | D:3      | Slain by an orc

Action                   |  1- 3 |  4- 6 || total
-------------------------+-------+-------++-------
Melee: Dagger            |   167 |       ||   167
 Cast: Ensorcelled Hiber |    18 |       ||    18
  Use: Potion            |     1 |       ||     1
 Stab: Sleeping          |    14 |       ||    14
